 Dungeon Crawl Stone Soup version 0.22-a0-351-g29664b4 (webtiles) character file.

4318 khargal the Spear-Bearer (level 10, -8/89 HPs)
             Began as a Pale Draconian Monk on Apr 13, 2018.
             Was a Priest of Qazlal.
             Mangled by a death yak (17 damage)
             ... on level 8 of the Dungeon.
             The game lasted 00:32:33 (10028 turns).

khargal the Spear-Bearer (Pale Draconian Monk)     Turns: 10028, Time: 00:32:33

Health: -8/89      AC:  9    Str: 13      XL:     10   Next: 11%
Magic:  12/12      EV: 19    Int:  8 (10) God:    Qazlal [***...]
Gold:   196        SH:  4    Dex: 18      Spells: 9/9 levels left

rFire    . . .     SeeInvis .   h - +3 spear (venom)
rCold    . . .     Gourm    .   (no shield)
rNeg     . . .     Faith    .   (armour unavailable)
rPois    +         Spirit   .   (helmet restricted)
rElec    .         Reflect  .   n - +0 cloak
rCorr    .         Harm     .   (no gloves)
MR       .....                  t - +0 pair of boots
Stlth    +.........             m - amulet of rage
HPRegen  0.24/turn              (no ring)
MPRegen  0.13/turn              (no ring)

@: short of breath, berserk cooldown, slowed, very slow
A: breathe steam, unfitting armour, high mp 1, sense surroundings 1, poison
resistance, robust 1, cold-blooded, AC +7
a: Breathe Steam, Upheaval, Elemental Force, Renounce Religion, Evoke Berserk
Rage


You were on level 8 of the Dungeon.
You worshipped Qazlal.
Qazlal was most pleased with you.
You were near starving.

You visited 1 branch of the dungeon, and saw 9 of its levels.

You collected 422 gold pieces.
You spent 226 gold pieces at shops.

Inventory:

Hand Weapons
 h - a +3 spear of venom (weapon)
 p - the +2 battleaxe of Qoll {chop, *Slow rC+ Str+2}
   (You found it on level 5 of the Dungeon)

   It inflicts extra damage upon your enemies.
   It affects your strength (+2).
   It protects you from cold.
   It may slow you when you take damage.
 q - a +1 dagger of chaos
Armour
 n - a +0 cloak (worn)
 t - a +0 pair of boots (worn)
Jewellery
 a - an uncursed ring of poison resistance {unknown}
 m - an amulet of rage (around neck)
Wands
 c - a wand of flame (18)
 o - a wand of enslavement (17)
 u - a wand of clouds (3)
 v - a wand of polymorph (15)
Scrolls
 d - a scroll of blinking
 f - 2 scrolls of remove curse
 g - 4 scrolls of identify
Potions
 e - 3 potions of brilliance
 i - a potion of flight
 k - a potion of curing
 l - a potion of agility
Comestibles
 b - 15 rations


   Skills:
 - Level 5.0 Fighting
 + Level 11.1 Polearms
 + Level 8.7 Dodging
 - Level 2.0 Stealth
 + Level 1.2 Invocations
 - Level 1.9 Evocations


You had 9 spell levels left.
You didn't know any spells.

Dungeon Overview and Level Annotations

Branches:
Dungeon (9/15)             Temple (0/1) D:5            Lair (0/6) D:9
    Orc: D:9-12

Altars:
Ashenzari
Cheibriados
Elyvilon
Gozag
Hepliaklqana
Makhleb
Qazlal
Sif Muna
Wu Jian
Xom
Yredelemnul
Zin

Shops:
D:8 *


Innate Abilities, Weirdness & Mutations

You can breathe blasts of scalding, opaque steam.
Your pale cyan-grey scales are hard. (AC +7)
You cannot fit into any form of body armour.
You are cold-blooded and may be slowed by cold attacks.
You have an increased reservoir of magic. (+10% MP)
You passively map a small area around you.
Your system is resistant to poisons. (rPois)
You are robust. (+10% HP)


Message History

* * * LOW HITPOINT WARNING * * *
You block the death yak's attack.
You're still recovering from your berserk rage.
Press: ? - help, Shift-Dir - straight line, f - death yak
Aim: a death yak (lightly wounded)
You exhale a blast of scalding steam.
The ball of steam hits the death yak.
The death yak is moderately wounded.
You feel slightly more hungry.
The death yak is engulfed in a cloud of scalding steam.
The death yak misses you.
You hit the death yak but do no damage.
The death yak is poisoned.
The death yak is moderately wounded.
The death yak is engulfed in a cloud of scalding steam.
The death yak gores you but does no damage.
You hit the death yak.
The death yak looks as sick as possible!
The death yak is moderately wounded.
The death yak is engulfed in a cloud of scalding steam.
The death yak gores you!
You die...

.#.##.##..................#.####
..##.###.....#....#######......#
#.#...##...#......##### #......#
..##.###...###........###......#
.#.##.##...###....>...)........#
###.#.##..........###.###......#
##...#..#...##....# #.# #......#
#.#..#..#.......§Y# #.###.######
...#.##.#....#..@.# #..##.#
#...##.##...####### ##.##<#
.#####.#.#..# #.##<#
#..#..#.##..##########..#.#
#...##.###...........##...#
.####.## #..########.###..#
.....######.# #.# ##.#
.........##.# #.# #.#
............# #.# #.###


You could see a death yak.

Vanquished Creatures
  Pikel (D:7)
  The ghost of Nib the Covert, an amateur OpAs (D:4)
  A human (D:7)
  4 hogs (D:7)
  Menkaure (D:6)
  A water moccasin (D:5)
  An orc warrior (D:8)
  4 sky beasts
  A slave (D:7)
  A black bear (D:6)
  3 centaurs
  6 ogres
  A bullfrog (D:6)
  3 wights (D:8)
  2 howler monkeys (D:8)
  7 crimson imps
  A centaur zombie (D:6)
  3 jellies
  A quasit (D:7)
  3 orc priests
  2 bullfrog skeletons
  2 hounds
  6 orc wizards
  A centaur skeleton (D:7)
  Ijyb (D:5)
  An iguana (D:4)
  5 worker ants
  A hound zombie (D:7)
  7 adders
  3 oozes
  4 worms
  7 dart slugs
  7 leopard geckos
  26 orcs
  5 giant cockroaches
  6 goblins
  3 hobgoblins
  5 jackals
  5 quokkas
  A ball python skeleton (D:4)
  6 bats
  A frilled lizard (D:1)
  9 kobolds
  A leopard gecko skeleton (D:8)
  4 rats (D:2)
165 creatures vanquished.

Vanquished Creatures (others)
  A bat (D:3)
  A rat (D:3)
  7 fungi (D:5)
9 creatures vanquished.

Grand Total: 174 creatures vanquished

Notes
Turn   | Place    | Note
-------+----------+-------------------------------------------
     0 | D:1      | khargal the Draconian Monk began the quest for the Orb.
     0 | D:1      | Reached XP level 1. HP: 19/19 MP: 1/1
   115 | D:1      | Reached XP level 2. HP: 18/26 MP: 2/2
   826 | D:1      | Found a shattered altar of Ashenzari.
  1455 | D:2      | Reached XP level 3. HP: 27/33 MP: 3/3
  2416 | D:3      | Reached XP level 4. HP: 38/40 MP: 4/4
  2666 | D:3      | Found a hazy altar of Hepliaklqana.
  2729 | D:3      | Reached skill level 4 in Polearms
  2773 | D:3      | Found a white marble altar of Elyvilon.
  3628 | D:3      | Reached XP level 5. HP: 14/47 MP: 5/5
  4215 | D:4      | Noticed an ogre
  4264 | D:4      | Killed an ogre
  4264 | D:4      | Reached skill level 5 in Polearms
  4359 | D:4      | Reached XP level 6. HP: 33/53 MP: 6/6
  4611 | D:4      | Noticed Nib's ghost (amateur OpAs)
  4637 | D:4      | Killed Nib's ghost
  5289 | D:5      | Entered Level 5 of the Dungeon
  5306 | D:5      | Reached skill level 6 in Polearms
  5325 | D:5      | Your scales start taking on a pale cyan-grey colour.
  5325 | D:5      | Reached XP level 7. HP: 33/60 MP: 7/7
  5526 | D:5      | Reached skill level 5 in Fighting
  5815 | D:5      | Reached skill level 7 in Polearms
  6048 | D:5      | Found an opulent altar of Gozag.
  6169 | D:5      | Noticed Ijyb
  6173 | D:5      | Killed Ijyb
  6213 | D:5      | Reached skill level 5 in Dodging
  6249 | D:5      | Found a stormy altar of Qazlal.
  6260 | D:5      | Got a transparent battleaxe
  6266 | D:5      | Became a worshipper of Qazlal Stormbringer
  6266 | D:5      | Reached * piety under Qazlal
  6266 | D:5      | Reached ** piety under Qazlal
  6283 | D:5      | Reached XP level 8. HP: 68/68 MP: 8/8
  6290 | D:5      | Identified the +2 battleaxe of Qoll {chop, *Slow rC+ Str+2} (You found it on level 5 of the Dungeon)
  6467 | D:5      | Reached skill level 1 in Evocations
  6623 | D:5      | Found a staircase to the Ecumenical Temple.
  6878 | D:5      | Reached skill level 8 in Polearms
  7218 | D:6      | Noticed Menkaure
  7227 | D:6      | Killed Menkaure
  7532 | D:6      | Found a snail-covered altar of Cheibriados.
  7591 | D:6      | Found an ornate altar of the Wu Jian Council.
  7633 | D:6      | Found a shimmering altar of Xom.
  7634 | D:6      | Found a burning altar of Makhleb.
  7749 | D:6      | Gained mutation: You are agile. (Dex +2) [potion of mutation]
  7749 | D:6      | Gained mutation: You expend magic power (3 MP) to strengthen your wands. [potion of mutation]
  7749 | D:6      | Gained mutation: Your system is resistant to poisons. (rPois) [potion of mutation]
  7750 | D:6      | Lost mutation: You are agile. (Dex +2) [potion of mutation]
  7750 | D:6      | Gained mutation: Scrolls take you a little longer to read. [potion of mutation]
  7750 | D:6      | Gained mutation: Your muscles are strong. (Str +2) [potion of mutation]
  7750 | D:6      | Gained mutation: You passively map a small area around you. [potion of mutation]
  8048 | D:7      | Reached skill level 9 in Polearms
  8237 | D:7      | Found an ornate altar of the Wu Jian Council.
  8282 | D:7      | Reached *** piety under Qazlal
  8319 | D:7      | Noticed Pikel
  8336 | D:7      | Killed Pikel
  8336 | D:7      | Reached XP level 9. HP: 55/74 MP: 10/10
  8345 | D:7      | Lost mutation: Scrolls take you a little longer to read. [potion of mutation]
  8345 | D:7      | Lost mutation: You expend magic power (3 MP) to strengthen your wands. [potion of mutation]
  8345 | D:7      | Lost mutation: Your muscles are strong. (Str +2) [potion of mutation]
  8345 | D:7      | Gained mutation: You have an increased reservoir of magic. (+10% MP) [potion of mutation]
  8345 | D:7      | Gained mutation: You are robust. (+10% HP) [potion of mutation]
  8607 | D:7      | Found a basalt altar of Yredelemnul.
  8607 | D:7      | Found a glowing silver altar of Zin.
  8704 | D:7      | Reached skill level 10 in Polearms
  9006 | D:7      | Found a deep blue altar of Sif Muna.
  9234 | D:8      | Reached skill level 1 in Invocations
  9493 | D:8      | Found Wifott's General Store.
  9521 | D:8      | Reached XP level 10. HP: 80/89 MP: 12/12
  9531 | D:8      | Bought a +3 spear of venom for 226 gold pieces
  9753 | D:8      | Reached skill level 11 in Polearms
  9999 | D:9      | Noticed a death yak
 10000 | D:9      | Noticed a death yak
 10005 | D:9      | Noticed a death yak
 10028 | D:8      | Mangled by a death yak

Vault maps used:
D:1:      shiori_arrival_oz, ashenzari_altar_1
D:3:      elyvilon_altar_4, nicolae_overflow_crystal_walls, first_ration,
          solitary_fountain
D:5:      marbit_many_paths, lemuel_round_altar,
          minmay_temple_entry_enclosed_plants, serial_aquarium,
          aquarium_bridge_island_small, aquarium_window_1, aquarium_window_2,
          aquarium_window_corner, aquarium_view_2a, aquarium_view_2a, uniq_ijyb
D:6:      grunt_temple_overflow_champion_of_chaos, slow_altar_2,
          overflow_temple_1_default, uniq_menkaure
D:7:      lemuel_coloured_pillars_altar, gammafunk_temple_overflow_elements,
          basic_altar, grunt_livestock, uniq_pikel
D:8:      minmay_ornate_pinched, serial_shops, shop, hangedman_decor_opposing
D:9:      kennysheep_mini_moat, old_standard_altar, dpeg_lair_monsters

Skill      XL: |  1  2  3  4  5  6  7  8  9 10 |
---------------+-------------------------------+-----
Dodging        | 3 4 5 7 8 |  8.7
Stealth        | 2 |  2.0
Fighting       | 4 5 |  5.0
Polearms       | 4 5 6 7 9 10 11 | 11.1
Evocations     | 1 |  1.9
Invocations    | 1 |  1.2

Action                   |  1- 3 |  4- 6 |  7- 9 | 10-12 || total
-------------------------+-------+-------+-------+-------++-------
Melee: Spear             |   143 |   185 |   463 |    27 ||   818
       Tailslap          |    19 |    34 |    58 |     3 ||   114
Invok: Upheaval          |       |       |     2 |       ||     2
 Abil: Breathe Steam     |       |       |    42 |     4 ||    46
       Evoke Berserk Rag |       |       |     5 |     1 ||     6
  Use: Scroll            |     4 |     2 |     8 |       ||    14
       Potion            |       |       |    10 |     1 ||    11
 Stab: Sleeping          |    12 |     5 |     2 |       ||    19
  Eat: Chunk             |     5 |     4 |    18 |     1 ||    28
       Ration            |       |     1 |     2 |       ||     3
Armor: Skin              |    22 |    24 |   101 |     4 ||   151
Dodge: Dodged            |    59 |   105 |   223 |    10 ||   397
Block: Other             |       |       |    41 |     2 ||    43

Table legend:
 A = Spawn XP
 B = Non-spawn XP
 C = Spawn XP percentage of total XP
 D = Spawn monster count
 E = Non-spawn monster count
 F = Spawn count percentage of total count
 G = Total turns spent on level
                    A         B        C        D         E        F      G
               +---------+---------+-------+---------+---------+-------+---------
         Total |       0 |    6169 |   0.0 |       0 |     164 |   0.0 | 10028
               +---------+---------+-------+---------+---------+-------+---------
           D:1 |       0 |      26 |   0.0 |       0 |      14 |   0.0 |  1123
           D:2 |       0 |      67 |   0.0 |       0 |      22 |   0.0 |  1412
           D:3 |       0 |     145 |   0.0 |       0 |      19 |   0.0 |  1623
           D:4 |       0 |     461 |   0.0 |       0 |      10 |   0.0 |  1131
           D:5 |       0 |     995 |   0.0 |       0 |      20 |   0.0 |  1780
           D:6 |       0 |     620 |   0.0 |       0 |      21 |   0.0 |   874
           D:7 |       0 |    2145 |   0.0 |       0 |      29 |   0.0 |  1235
           D:8 |       0 |    1505 |   0.0 |       0 |      25 |   0.0 |   756
           D:9 |       0 |     205 |   0.0 |       0 |       4 |   0.0 |    94
               +---------+---------+-------+---------+---------+-------+---------
